 Dungeon Crawl Stone Soup version 0.29-a0-219-g0a02b1cf4f (webtiles) character file.

Game seed: 3995434611678983550

19047 sammy202020 the Fighter (level 12, 0/148 HPs)
             Began as a Demonspawn Berserker on Feb 26, 2022.
             Was a High Priest of Trog.
             Killed from afar by an orc wizard (10 damage)
             ... with a puff of flame
             ... led by an orc warlord
             ... on level 1 of the Orcish Mines.
             The game lasted 00:37:34 (13378 turns).

sammy202020 the Fighter (Demonspawn Berserker)     Turns: 13378, Time: 00:37:35

Health: 0/148      AC: 24    Str: 26    XL:     12   Next: 33%
Magic:  12/12      EV: 14    Int: 12    God:    Trog [*****.]
Gold:   480        SH:  0    Dex: 14    Spells: 11/11 levels left

rFire   . . .      SeeInvis .   K - +2 broad axe (flame)
rCold   + . .      Faith    +   e - orb {light}
rNeg    + . .      Spirit   .   G - +8 scale mail of Zeack {rN+ Int+4}
rPois   .          Reflect  .   E - +1 hat of the Tarantula {Str+4}
rElec   .          Harm     .   l - +1 cloak
rCorr   .          Rampage  .   j - +1 pair of gloves
Will    ++...                   (no boots)
Stlth   ..........              q - amulet of faith
HPRegen 1.34/turn               b - ring of flight
MPRegen 0.13/turn               r - ring of protection from cold

@: berserking, strong-willed, flying, regenerating, glowing, very quick
A: horns 2, foul stench 1, spiny 2, sharp scales 2
a: Renounce Religion, Berserk, Trog's Hand, Brothers in Arms


You were on level 1 of the Orcish Mines.
You worshipped Trog.
Trog was extremely pleased with you.
You visited 2 branches of the dungeon, and saw 13 of its levels.

You collected 700 gold pieces.
You spent 220 gold pieces at shops.

Inventory:

Hand Weapons
 J - a +0 trident
 K - a +2 broad axe of flaming (weapon)
 M - the +7 flail of the Peculiar Stars {flame, rElec}
   (You found it on level 10 of the Dungeon)

   It burns those it strikes, dealing additional fire damage.
   rElec:     It insulates you from electricity.
Missiles
 H - a throwing net (quivered)
Armour
 e - an orb of light (worn)
 j - a +1 pair of gloves (worn)
 l - a +1 cloak (worn)
 E - the +1 hat of the Tarantula (worn) {Str+4}
   (You found it on level 7 of the Dungeon)

   Str:       It affects your strength (+4).
 F - a +1 hat of see invisible
 G - the +8 scale mail of Zeack (worn) {rN+ Int+4}
   (You found it on level 7 of the Dungeon)

   Int:       It affects your intelligence (+4).
   rN:        It protects you from negative energy.
 N - a +1 plate armour of fire resistance
Jewellery
 a - a +6 ring of strength
 b - a ring of flight (left hand)
 d - a ring of positive energy
 f - a ring of see invisible
 q - an amulet of faith (around neck)
 r - a ring of protection from cold (right hand)
 A - a ring of willpower
 C - a +6 ring of strength
 I - a +4 ring of evasion
 L - a +6 ring of dexterity
 P - a ring of poison resistance
Wands
 n - a wand of paralysis (6)
 w - a wand of digging (6)
 z - a wand of iceblast (7)
Scrolls
 g - 9 scrolls of teleportation
 h - 2 scrolls of fear
 t - 3 scrolls of fog
 y - 2 scrolls of magic mapping
 D - 2 scrolls of blinking
 O - a scroll of identify
Potions
 c - 5 potions of haste
 i - 2 potions of attraction
 k - 6 potions of curing
 m - a potion of lignification
 o - 2 potions of brilliance
 p - 2 potions of berserk rage
 s - a potion of cancellation
 u - 4 potions of might
 v - a potion of invisibility
 x - 5 potions of heal wounds
 B - 4 potions of flight


   Skills:
 + Level 10.9 Fighting
 + Level 9.9 Axes
 + Level 9.7 Armour
 + Level 9.7 Dodging


You had 11 spell levels left.
You didn't know any spells.
Your spell library was empty.

Dungeon Overview and Level Annotations

Branches:
Dungeon (12/15)            Temple (0/1) D:4            Lair (0/6) D:9
    Orc (1/2) D:11

Altars:
Ashenzari
Elyvilon
Gozag
Okawaru
Trog
Wu Jian
Yredelemnul

Shops:
D:4 [   D:6 =   D:12 =


Innate Abilities, Weirdness & Mutations

You have a pair of horns on your head.
You may rarely emit foul miasma when damaged in melee.
You are mostly covered in sharp spines.
You are mostly covered in razor-sharp scales. (AC +2, Slay +2)


Message History

The orc warrior enters a dispersal trap!
The orc warrior blinks!
The orc blinks! x2; The orc warrior blinks!
The orc wizard blinks!
You blink.
An orc warrior comes into view. It is wielding a +0 long sword.
Found a stone staircase leading down.
The orc warrior blinks!
The orc moves out of view.
Items here: ) / [ †.
The orc warlord is struck by your spines.
The orc warlord hits you with a +0 great mace.
* * * LOW HITPOINT WARNING * * *
Your skin crawls.
You feel strong-willed.
The orc warrior is struck by your spines.
The orc warrior hits you but does no damage.
The orc warlord is struck by your spines.
The orc warlord hits you with a +0 great mace!
* * * LOW HITPOINT WARNING * * *
A red film seems to cover your vision as you go berserk!
You feel yourself moving faster!
You feel mighty!
The orc warrior is struck by your spines.
The orc warrior barely misses you. The orc warlord closely misses you.
You slash the orc warlord! You burn the orc warlord.
The orc warlord is moderately wounded.
You barely miss the orc warrior. The orc warrior barely misses you.
You slice the orc warlord!! You burn the orc warlord.
You headbutt the orc warlord!
The orc warlord is heavily wounded.
You slice the orc warrior!! You burn the orc warrior.
You kill the orc warrior!
Trog accepts your kill.
The orc warlord is struck by your spines.
The orc warlord hits you with a +0 great mace!
* * * LOW HITPOINT WARNING * * *
You slash the orc warlord! You burn the orc warlord.
The orc warlord is severely wounded.
You slash the orc warrior! You burn the orc warrior! You slash the orc wizard!
You burn the orc wizard.
The orc wizard points at you and mumbles some strange words.
The puff of flame hits you!
You die...

.....> .....# #..
............## #.
......§......#####.#
......§$...#.......#
..$..^§o.o........##
.#.................#
.......#.o.#......#
.......o#o......#
.....§.#@o<..)))#
..#....#.o...#)##
......#.....#().#
...........).#)##
#.#............## #
....##........#
##.###.........# ##
##.#.......#
####.##..##


You could see an orc warlord, 2 orc warriors, an orc wizard (strong) and 2 orcs.

Vanquished Creatures
  Erolcha (D:10)
  A boulder beetle (D:11)
  A centaur warrior (D:9)
  Erica (Orc:1)
  4 two-headed ogres
  An orc knight (Orc:1)
  2 deep elf pyromancers
  An ugly thing (D:11)
  2 cyclopes
  An orc sorcerer (Orc:1)
  A gargoyle (D:12)
  An unseen horror (D:11)
  Psyche (D:10)
  A komodo dragon (D:9)
  A meliai (shapeshifter) (D:9)
  A hornet (D:8)
  A spriggan (D:7)
  A shadow (D:11)
  A wyvern (D:7)
  20 yaks
  2 steam dragons
  8 vampire mosquitoes (D:12)
  A warg (Orc:1)
  An acid dragon (D:11)
  4 water moccasins
  4 ice beasts
  11 orc warriors
  A necrophage (D:5)
  A black bear (D:9)
  7 ogres
  2 centaurs
  5 kobold brigands
  A phantom (D:7)
  6 bullfrogs
  A scorpion (D:5)
  6 killer bees (D:9)
  11 wights
  A howler monkey (D:6)
  4 jellies
  6 orc priests
  2 gnoll shamans
  Terence (D:3)
  An iguana (D:6)
  11 orc wizards
  7 adders
  10 gnolls
  An ufetubus (D:6)
  2 worms
  3 dart slugs
  64 orcs
  A ball python (D:1)
  4 bats
  4 endoplasms
  4 giant cockroaches
  4 goblins
  6 hobgoblins
  6 jackals
  2 quokkas
  2 frilled lizards
  22 kobolds
  8 rats
292 creatures vanquished.

Vanquished Creatures (others)
  44 fungi (D:9)
  42 plants (D:9)
86 creatures vanquished.

Grand Total: 378 creatures vanquished

Notes
Turn   | Place    | Note
-------+----------+-------------------------------------------
     0 | D:1      | sammy202020 the Demonspawn Berserker began the quest for
                  | the Orb.
     0 | D:1      | Reached XP level 1. HP: 18/18 MP: 1/1
   506 | D:1      | Gained mutation: You are partially covered in razor-sharp
                  | scales. (AC +1, Slay +1) [demonic ancestry]
   506 | D:1      | Reached XP level 2. HP: 17/24 MP: 2/2
  1545 | D:2      | Gained mutation: You are mostly covered in razor-sharp
                  | scales. (AC +2, Slay +2) [demonic ancestry]
  1545 | D:2      | Reached XP level 3. HP: 29/29 MP: 3/3
  1607 | D:2      | Reached ** piety under Trog
  2265 | D:2      | Gained mutation: You have a pair of small horns on your
                  | head. [demonic ancestry]
  2265 | D:2      | Reached XP level 4. HP: 26/35 MP: 4/4
  2540 | D:3      | Noticed Terence
  2547 | D:3      | Killed Terence
  2742 | D:3      | Found a basalt altar of Yredelemnul.
  3462 | D:4      | Gained mutation: You may rarely emit foul miasma when
                  | damaged in melee. [demonic ancestry]
  3462 | D:4      | Reached XP level 5. HP: 42/42 MP: 1/5
  3511 | D:4      | Found a staircase to the Ecumenical Temple.
  3629 | D:4      | Found Kosooter's Antique Armour Shop.
  3723 | D:4      | Noticed an ogre
  3732 | D:4      | Killed an ogre
  3733 | D:4      | Reached skill level 4 in Fighting
  4672 | D:4      | Reached XP level 6. HP: 36/48 MP: 2/6
  5099 | D:5      | Entered Level 5 of the Dungeon
  5226 | D:5      | Noticed an ice beast
  5238 | D:5      | Killed an ice beast
  5820 | D:5      | Gained mutation: You have a pair of horns on your head.
                  | [demonic ancestry]
  5820 | D:5      | Reached XP level 7. HP: 10/55 MP: 7/7
  6037 | D:5      | Found an ornate altar of the Wu Jian Council.
  6042 | D:5      | Found a bloodstained altar of Trog.
  6045 | D:5      | Found an iron altar of Okawaru.
  6045 | D:5      | Found an opulent altar of Gozag.
  6059 | D:5      | Found a broken altar of Ashenzari.
  6068 | D:5      | Reached skill level 5 in Fighting
  6520 | D:6      | Identified the +1 robe of Poosm {Slay+3}
  6694 | D:6      | Noticed a steam dragon
  6708 | D:6      | Killed a steam dragon
  6709 | D:6      | Reached skill level 5 in Axes
  6709 | D:6      | Reached XP level 8. HP: 21/63 MP: 8/8
  6954 | D:6      | Found Venusuc's Jewellery Shoppe.
  7466 | D:7      | Reached *** piety under Trog
  7579 | D:7      | Reached skill level 6 in Fighting
  7579 | D:7      | Reached skill level 5 in Armour
  7579 | D:7      | Reached skill level 5 in Dodging
  7640 | D:7      | Identified the +1 ring mail "Kezan" {rC+}
  7774 | D:7      | Identified the +1 hat of the Tarantula {Str+4}
  7953 | D:7      | Gained mutation: You are partially covered in sharp spines.
                  | [demonic ancestry]
  7953 | D:7      | Reached XP level 9. HP: 54/71 MP: 9/9
  8058 | D:7      | Identified the +8 scale mail of Zeack {rN+ Int+4}
  8445 | D:7      | Reached skill level 7 in Fighting
  8854 | D:8      | Reached **** piety under Trog
  9222 | D:9      | Gained mutation: You are mostly covered in sharp spines.
                  | [demonic ancestry]
  9222 | D:9      | Reached XP level 10. HP: 36/80 MP: 10/10
  9439 | D:9      | Reached skill level 8 in Fighting
  9459 | D:9      | Reached ***** piety under Trog
  9768 | D:9      | Received a gift from Trog
  9779 | D:9      | Found a staircase to the Lair.
  9822 | D:9      | Noticed a centaur warrior
  9827 | D:9      | Killed a centaur warrior
 10086 | D:9      | Noticed a two-headed ogre
 10091 | D:9      | Killed a two-headed ogre
 10092 | D:9      | Reached skill level 9 in Fighting
 10339 | D:10     | Entered Level 10 of the Dungeon
 10362 | D:10     | Noticed a deep elf pyromancer
 10386 | D:10     | Killed a deep elf pyromancer
 10542 | D:10     | Noticed Erolcha
 10551 | D:10     | Killed Erolcha
 10552 | D:10     | Reached XP level 11. HP: 76/89 MP: 11/11
 10876 | D:10     | Noticed Psyche
 10881 | D:10     | Killed Psyche
 10913 | D:10     | Identified the +7 flail of the Peculiar Stars {flame,
                  | rElec}
 11024 | D:10     | Noticed a two-headed ogre
 11030 | D:10     | Killed a two-headed ogre
 11396 | D:10     | Noticed a two-headed ogre
 11402 | D:10     | Killed a two-headed ogre
 11998 | D:11     | Noticed a cyan ugly thing
 12003 | D:11     | Killed a cyan ugly thing
 12143 | D:11     | Found a staircase to the Orcish Mines.
 12164 | D:11     | Noticed a boulder beetle
 12173 | D:11     | Killed a boulder beetle
 12174 | D:11     | Reached skill level 10 in Fighting
 12433 | D:12     | Noticed a deep elf pyromancer
 12445 | D:12     | Killed a deep elf pyromancer
 12877 | D:12     | Received a gift from Trog
 13026 | D:12     | Found Saruuc Fousk's Jewellery Shoppe.
 13027 | D:12     | Noticed a two-headed ogre
 13035 | D:12     | Killed a two-headed ogre
 13036 | D:12     | Reached XP level 12. HP: 75/98 MP: 12/12
 13041 | D:12     | Bought a ring of poison resistance for 220 gold pieces
 13278 | Orc:1    | Entered Level 1 of the Orcish Mines
 13278 | Orc:1    | Noticed Erica
 13285 | Orc:1    | Killed Erica
 13368 | Orc:1    | Noticed an orc warlord
 13378 | Orc:1    | Killed from afar by an orc wizard

Illustrated notes

Levels and vault maps discovered:
D:1:      minmay_arrival_arboretum_small, layout_basic, minivault_23,
          minmay_pentomino_o2
D:2:      layout_loops_corners, eino_tiny_chamber
D:3:      layout_basic, mainiacjoe_overflow_alcove_4, uniq_terence
D:4:      layout_layer_cave, mainiacjoe_overflow_alcove_2,
          minmay_temple_entry_poolview, serial_shops, shop
D:5:      layout_basic, nicolae_overflow_hallway_of_the_gods
D:6:      layout_basic, serial_shops, shop
D:7:      layout_gridville, the_hattery
D:8:      layout_basic
D:9:      layout_cave_pools, due_lair_maze_entry_diamond, minivault_20,
          st_stairs_7
D:10:     layout_roguey, minmay_misc_feat_alley, uniq_erolcha, uniq_psyche
D:11:     layout_rooms, hiddenorc1_lemuel
D:12:     layout_roguey [special_room_orc], serial_shops, shop,
          minmay_misc_feat_tiny
Orc:1:    layout_caves, ebering_ghost_gozag, uniq_erica

Skill      XL: |  1  2  3  4  5  6  7  8  9 10 11 |
---------------+----------------------------------+-----
Armour         | 2 3 4 5 6 8 9 |  9.7
Dodging        | 2 3 4 5 6 8 9 |  9.7
Axes           | 3 4 5 6 7 8 9 |  9.9
Fighting       | 4 5 6 7 9 10 | 10.9

Action                   |  1- 3 |  4- 6 |  7- 9 | 10-12 || total
-------------------------+-------+-------+-------+-------++-------
Melee: Hand axe          |    81 |    30 |       |       ||   111
       War axe           |       |    52 |   133 |    55 ||   240
       Headbutt          |       |    10 |    30 |    74 ||   114
       Broad axe         |       |       |       |   208 ||   208
Invok: Berserk           |     1 |     3 |       |     4 ||     8
       Trog's Hand       |       |     1 |       |     2 ||     3
  Use: Scroll            |     8 |     5 |     5 |    10 ||    28
Armor: Ring mail         |    25 |     6 |       |       ||    31
       Leather armour    |     3 |       |       |       ||     3
       Chain mail        |       |    37 |    45 |       ||    82
       Scale mail        |       |       |    34 |   117 ||   151
Dodge: Dodged            |    44 |    42 |   108 |   176 ||   370

Table legend: (Time is in decaauts)
 A = Elapsed time spent in this place.
 B = Non-inter-level travel time spent in this place.
 C = Inter-level travel time spent in this place.
 D = Time resting spent in this place.
 E = Time spent auto-exploring this place.
 F = Levels seen in this place.
 G = Mean time per level.
                   A        B        C        D        E       F      G
               +--------+--------+--------+--------+--------+-----+--------+
         Total |  13562 |  13050 |    512 |   1257 |   9278 |  13 | 1043.2 |
       Dungeon |  13445 |  12933 |    512 |   1229 |   9278 |  12 | 1120.4 |
  Orcish Mines |    116 |    116 |      0 |     28 |      0 |   1 |  116.0 |
               +--------+--------+--------+--------+--------+-----+--------+

Top non-repeatable levels by time:
     D:4: 1929 daAuts
     D:7: 1287 daAuts
     D:2: 1275 daAuts
    D:10: 1249 daAuts
     D:1: 1187 daAuts
     D:9: 1175 daAuts
     D:6: 1037 daAuts
     D:5: 1001 daAuts
     D:3: 981 daAuts
    D:11: 923 daAuts
    D:12: 798 daAuts
     D:8: 598 daAuts
   Orc:1: 116 daAuts
